 Dungeon Crawl Stone Soup version 0.31.0-9-g3a7656b989 (webtiles) character file.

Game seed: 16182333164422788670

83 qw the Shooter (level 4, 0/25 HPs)
             Began as a Deep Elf Hunter on Feb 2, 2024.
             Slain by Grinder (1 damage)
             ... on level 4 of the Dungeon.
             The game lasted 00:00:07 (1852 turns).

qw the Shooter (Deep Elf Hunter)                    Turns: 1852, Time: 00:00:07

Health: 0/25       AC:  6    Str: 10    XL:     4   Next: 22%
Magic:  6/6        EV: 11    Int: 14    God:
Gold:   107        SH:  0    Dex: 18    Spells: 3/3 levels left

rFire   . . .        a - +2 shortbow
rCold   . . .        (shield currently unavailable)
rNeg    . . .        h - +0 ring mail
rPois   .            e - +0 helmet
rElec   .            (no cloak)
rCorr   .            (no gloves)
SInv    .            (no boots)
Will    .....        (no amulet)
Stlth   +            (no ring)
HPRegen 0.24/turn    (no ring)
MPRegen 0.10/turn

%: no passive effects
@: no status effects
A: no striking features
a: no special abilities


You were on level 4 of the Dungeon.
You visited 1 branch of the dungeon, and saw 4 of its levels.

You collected 107 gold pieces.


   Skills:
 - Level 1.5 Fighting
 + Level 7.6 Ranged Weapons
 - Level 2.4 Dodging
 - Level 1.2 Stealth


You had 3 spell levels left.
You didn't know any spells.
Your spell library was empty.

Inventory:

Hand Weapons
 a - a +2 shortbow (weapon)
Armour
 e - a +0 helmet (worn)
 h - a +0 ring mail (worn)
Scrolls
 b - 2 scrolls of teleportation
 c - a scroll of amnesia {unknown}
Potions
 g - a potion of brilliance {unknown}
 j - a potion of magic {unknown}

Dungeon Overview and Level Annotations

Branches:
Dungeon (3/15)

Altars:

Annotations:
D:4 Grinder


Message History

You shoot an arrow. The arrow hits Grinder.
Grinder is lightly wounded.
You shoot an arrow. The arrow hits Grinder!
Grinder is moderately wounded.
You shoot an arrow. The arrow hits Grinder.
Grinder is moderately wounded.
Grinder hits you.
You shoot an arrow. The arrow closely misses Grinder.
Grinder blinks!
You start resting.
HP restored.
Found a falchion.
A bombardier beetle comes into view.
You shoot an arrow. The arrow hits Grinder.
Grinder is heavily wounded.
You shoot an arrow. The arrow hits the bombardier beetle.
The bombardier beetle is lightly wounded.
You shoot an arrow.
The arrow hits Grinder but does no damage.
Grinder is heavily wounded.
Grinder gestures at you.
You suddenly lose the ability to move!
Grinder hits you but does no damage. Grinder hits you!
You writhe in agony.
You can move again.
You shoot an arrow. The arrow hits Grinder.
Grinder is heavily wounded.
Grinder gestures at you. Pain shoots through your body!
You shoot an arrow. The arrow closely misses Grinder.
Grinder misses you.
You shoot an arrow. The arrow hits Grinder!
Grinder is severely wounded.
Grinder gestures at you. You resist with significant effort.
Grinder misses you.
You shoot an arrow. The arrow hits Grinder!
Grinder is almost dead.
Grinder hits you!
You writhe in agony.
You die...
Grinder says, "Hey, I wasn't done torturing you yet!"

.... #.##. .... ....#
#.##. ... ....# #.##. .
#.. #... #.##. ..###.)
#..# #.##. ....$.. ...#
# #.##. ....=.5###..##
.# #.##.
......B@....##..####.##.
........................
..$...####..##..####.##.
..###. #..## #.### . #
#..##..# #.# #
##.####..##..# #.# #
..........##..# #.# #
....####.###..# #.# #
.........# #..####.###


You could see Grinder and a bombardier beetle.

Vanquished Creatures
  4 adders
  2 ribbon worms (D:2)
  2 orcs (D:3)
  2 bats
  5 endoplasms
  3 goblins (D:1)
  5 hobgoblins
  2 jackals (D:1)
  5 kobolds
  2 quokkas (D:1)
  2 frilled lizards (D:1)
  4 rats
38 creatures vanquished.

Notes
Turn   | Place    | Note
-------+----------+-------------------------------------------
     0 | D:1      | qw the Deep Elf Hunter began the quest for the Orb.
     0 | D:1      | Reached XP level 1. HP: 12/12 MP: 3/3
     0 | D:1      | 0 ||| qw: Version: 0.3-a-155-g5e7d8dd
     0 | D:1      | 0 ||| qw: Game counter: 1889
     0 | D:1      | 0 ||| qw: Melee chars always use a shield: true
     0 | D:1      | 0 ||| qw: God list: Okawaru
     0 | D:1      | 0 ||| qw: Allow faded altars: false
     0 | D:1      | 0 ||| qw: Do Orc after clearing Dungeon:15 true
     0 | D:1      | 0 ||| qw: Do second Lair branch before Depths: true
     0 | D:1      | 0 ||| qw: Lair rune preference: random
     0 | D:1      | 0 ||| qw: Goals: Normal
     0 | D:1      | 0 ||| PLANNING D:1-11
   280 | D:1      | Reached XP level 2. HP: 16/16 MP: 4/4
   289 | D:1      | Reached skill level 6 in Ranged Weapons
   779 | D:1      | 779 ||| UPGRADING to +0 helmet.
   784 | D:1      | 784 ||| UPGRADING to +0 ring mail.
   794 | D:1      | 794 ||| DROPPING +0 leather armour.
   795 | D:1      | 795 ||| READING 3 scrolls labelled KAOGEO KE CUMM.
   796 | D:1      | 796 ||| READING scroll labelled MAIRIM VOIGYAW.
   796 | D:1      | 796 ||| ENCHANTING +0 shortbow.
   797 | D:1      | 797 ||| READING scroll labelled YJIEPY ROEKHLESK.
   800 | D:1      | 800 ||| DROPPING scroll of butterflies.
   801 | D:1      | 801 ||| DROPPING 2 scrolls of revelation.
  1036 | D:2      | Reached XP level 3. HP: 20/20 MP: 5/5
  1283 | D:2      | Reached skill level 7 in Ranged Weapons
  1601 | D:2      | 1601 ||| READING scroll labelled BIPOQI FUISEAC.
  1602 | D:2      | 1602 ||| READING scroll labelled AXINUOBIAR.
  1603 | D:2      | 1603 ||| DRINKING 3 fuming emerald potions.
  1605 | D:2      | 1605 ||| Stepping ~*~*~tactically~*~*~ (cloud).
  1606 | D:2      | 1606 ||| DRINKING 2 potions of curing.
  1606 | D:2      | 1606 ||| (to cure poison)
  1613 | D:2      | 1613 ||| Stepping ~*~*~tactically~*~*~ (cloud).
  1614 | D:2      | 1614 ||| DRINKING potion of curing.
  1614 | D:2      | 1614 ||| (to cure poison)
  1703 | D:3      | Reached XP level 4. HP: 25/25 MP: 6/6
  1736 | D:3      | 1736 ||| READING scroll of enchant weapon.
  1736 | D:3      | 1736 ||| ENCHANTING +1 shortbow.
  1790 | D:3      | You fall into a shaft and drop 1 floor!
  1835 | D:4      | Noticed Grinder
  1846 | D:4      | Paralysed by Grinder for 3 turns
  1852 | D:4      | HP: 1/25 [Grinder (7)]
  1852 | D:4      | Slain by Grinder

Levels and vault maps discovered:
D:1:      orjb1_clovarrival, layout_basic
D:2:      layout_basic, kennysheep_generic_room_16
D:3:      layout_basic, serial_rivers, chequers_serial_rivers_micro_d,
          chequers_serial_rivers_micro_e, chequers_serial_rivers_small_b,
          chequers_serial_rivers_large_a, gammafunk_ghost_split, minmay_cupped,
          uniq_natasha
D:4:      layout_basic, fedhas_altar_4, uniq_crazy_yiuf_cottage, uniq_grinder,
          uniq_robin, uniq_duvessa

Skill      XL: |  1  2  3 |
---------------+----------+-----
Ranged Weapons | 6 7 |  7.6
Fighting       | |  1.5
Dodging        | |  2.4
Stealth        | |  1.2

Action                     |  1- 3 |  4- 6 || total
---------------------------+-------+-------++-------
   Fire: Shortbow          |    97 |    23 ||   120
    Use: Scroll            |     5 |     1 ||     6
         Potion            |     3 |       ||     3
 Armour: Leather armour    |    10 |       ||    10
         Ring mail         |    10 |     4 ||    14
  Dodge: Dodged            |    16 |     3 ||    19

Table legend:
 A = Non-vault XP
 B = Vault XP
 C = Vault XP percentage of total XP
 D = Non-vault monster count
 E = Vault monster count
 F = Vault count percentage of total count
                 A         B        C        D         E       F
            +---------+---------+-------+---------+---------+-------
      Total |     100 |      19 |  16.0 |      34 |       4 |  10.5
            +---------+---------+-------+---------+---------+-------
        D:1 |      33 |       0 |   0.0 |      19 |       0 |   0.0
        D:2 |      45 |       1 |   2.2 |      10 |       1 |   9.1
        D:3 |      22 |      18 |  45.0 |       5 |       3 |  37.5
            +---------+---------+-------+---------+---------+-------
